AoeStats
← DgoUSA

Arena

509531686Analyzed
4v4 RM · 5d ago on Sep 27, 2026· 60m 16s· 8 players
Game mode
Random Map
Map size
Large (8 player)
Population
200
Speed
Normal
Resources
Standard
Victory
Conquest
Starting age
Dark Age
Ending age
Imperial Age
RankedLock teamsTeams togetherTeam positionsShared explorationLock speedFull tech treeHidden civsTurbo modeCheats
Victory
Defeat
🇨🇴 Wei · Colombia
931
+10
🇨🇱 Magyars · Chile
847
+14
🇲🇽 Bohemians · Mexico
812
+15
🇨🇴 Sicilians · Colombia
758
+16
🇩🇴 Danes · Dominican Republic
820
-29
🇺🇸 Franks · United States
801
-14
🇲🇽 Saxons · Mexico
779
-13
🇯🇵 Saracens · Japan
778
-13
ostiinn
0:32 Loom
13:18 Feudal Age
17:57 Castle Age
15:46 Horse Collar
17:56 Wheelbarrow
17:59 Gold Mining
23:36 Heavy Plow
32:23 Imperial Age
30:47 Double-Bit Axe
32:36 Fletching
33:34 Conscription
34:43 Capped Ram
37:00 Shield Wall
38:13 Squires
42:21 Siege Ram
Mandark39
9:02 Loom
12:07 Feudal Age
18:22 Castle Age
16:48 Double-Bit Axe
17:21 Horse Collar
28:11 Scale Mail Armor
29:54 Squires
29:39 Gambesons
30:17 Fletching
33:02 Hamask
39:13 Imperial Age
36:30 Town Watch
38:50 Chain Mail Armor
40:31 Wheelbarrow
41:41 Plate Mail Armor
41:21 Forging
42:54 Conscription
42:47 Heavy Plow
43:02 Masonry
43:14 Ballistics
43:56 Onager
44:55 Murder Holes
45:17 Bodkin Arrow
46:37 Elite Jomsviking
49:05 Chemistry
48:11 Bracer
49:24 Arson
RuinMireia
11:23 Feudal Age
15:34 Castle Age
14:42 Double-Bit Axe
15:42 Horse Collar
18:31 Bow Saw
19:11 Crossbowman
20:39 Fletching
21:38 Bodkin Arrow
23:23 Padded Archer Armor
25:34 Gold Mining
27:07 Pikeman
27:47 Squires
28:52 Scale Mail Armor
29:02 Forging
37:01 Iron Casting
36:42 Chain Mail Armor
36:44 Leather Archer Armor
38:15 Gold Shaft Mining
37:46 Heavy Plow
38:43 Thumb Ring
47:09 Imperial Age
49:04 Blast Furnace
48:10 Scale Barding Armor
48:36 Plate Mail Armor
VersedSeal9311
0:41 Loom
2:22 Loom
12:42 Feudal Age
13:33 Double-Bit Axe
20:20 Castle Age
18:57 Gold Mining
18:57 Stone Mining
22:16 Bow Saw
24:00 Forging
25:05 Scale Barding Armor
29:39 Wheelbarrow
30:19 Gold Shaft Mining
31:44 Hand Cart
32:21 Ballistics
34:11 Treadmill Crane
37:26 Imperial Age
35:04 Husbandry
35:42 Iron Casting
35:28 Chain Barding Armor
35:00 Fletching
35:23 Masonry
35:35 Elite Skirmisher
36:28 Murder Holes
37:31 Cavalier
39:25 Chemistry
38:31 Siege Engineers
39:58 Architecture
39:52 Pikeman
40:33 Squires
40:18 Arson
41:40 Paladin
44:25 Halberdier
45:42 Ordonnance Companies
46:42 Conscription
46:23 Chivalry
46:39 Fortified Wall
48:13 Heavy Mounted Crossbowman
48:14 Cranequins
DgoUSA
10:16 Feudal Age
14:55 Castle Age
13:55 Double-Bit Axe
20:13 Horse Collar
22:37 Bow Saw
23:54 Wheelbarrow
23:04 Loom
24:05 Scale Barding Armor
24:11 Forging
25:50 Chain Barding Armor
26:04 Bloodlines
26:24 Heavy Plow
30:45 Wheelbarrow
31:17 Gold Mining
31:18 Stone Mining
35:12 Imperial Age
33:03 Hand Cart
32:34 Town Watch
34:24 Iron Casting
34:39 Gold Shaft Mining
34:39 Stone Shaft Mining
35:22 Heavy Hei Guang Cavalry
38:08 Blast Furnace
37:41 Ming Guang Armor
37:38 Conscription
39:22 Chemistry
38:42 Ballistics
45:15 Capped Ram
46:11 Fletching
46:22 Padded Archer Armor
55:35 Parthian Tactics
NIXXT103
2:13 Loom
10:09 Feudal Age
10:36 Double-Bit Axe
16:12 Castle Age
14:52 Horse Collar
17:09 Bow Saw
17:15 Heavy Plow
21:38 Chemistry
22:36 Wheelbarrow
23:15 Fervor
24:44 Pikeman
26:01 Squires
26:49 Town Watch
27:22 Hand Cart
31:45 Imperial Age
29:32 Fletching
30:08 Town Patrol
34:53 Two-Man Saw
33:23 Elite Skirmisher
39:19 Bodkin Arrow
40:45 Bracer
42:27 Padded Archer Armor
43:39 Siege Engineers
44:17 Elite Hussite Wagon
48:04 Halberdier
53:04 Forging
53:39 Arson
53:57 Scale Mail Armor
54:34 Iron Casting
55:31 Chain Mail Armor
55:54 Houfnice
57:50 Plate Mail Armor
58:20 Blast Furnace
57:36 Leather Archer Armor
57:20 Murder Holes
57:46 Ballistics
60:28 Hussite Reforms
60:29 Wagenburg Tactics
59:59 Sappers
wowmiqui
5:57 Loom
12:18 Feudal Age
14:24 Wheelbarrow
15:29 Double-Bit Axe
20:32 Castle Age
19:02 Horse Collar
19:38 Bloodlines
19:30 Gold Mining
19:37 Town Watch
22:22 Husbandry
26:37 Fletching
26:48 Padded Archer Armor
26:41 Pikeman
30:10 Loom
30:39 Heavy Plow
31:14 Scale Barding Armor
39:52 Hand Cart
41:40 Elite Skirmisher
43:06 Bow Saw
51:48 Scale Mail Armor
52:12 Chain Barding Armor
57:57 Bodkin Arrow
58:06 Town Patrol
60:55 Imperial Age
60:05 Ballistics
59:44 Murder Holes
60:07 Thumb Ring
oswuil123
10:31 Feudal Age
11:09 Double-Bit Axe
14:29 Man-at-Arms
19:48 Horse Collar
21:33 Forging
23:27 Scale Mail Armor
24:22 Padded Archer Armor
62:11 Castle Age
Connection lost

Rejoining the realm…

Still unreachable

The connection could not be restored.

Session expired

The server has moved on; the page needs a fresh start.